 Dungeon Crawl Stone Soup version 0.29-a0-275-g389c0b56f3 (webtiles) character file.

Game seed: 14887454074862569296

2528 Dabor the Chopper (level 9, -3/115 HPs)
             Began as a Palentonga Berserker on Mar 12, 2022.
             Was a Priest of Trog.
             Killed by divine providence
             ... invoked by an orc priest
              (8 damage)
             ... on level 7 of the Dungeon.
             The game lasted 00:10:37 (5687 turns).

Dabor the Chopper (Palentonga Berserker)            Turns: 5687, Time: 00:10:37

Health: -3/115     AC: 24    Str: 25    XL:     9   Next: 29%
Magic:  9/9        EV:  1    Int:  8    God:    Trog [***...]
Gold:   246        SH: 10    Dex:  9    Spells: 8/8 levels left

rFire   . . .      SeeInvis +   G - +5 hand axe (freeze)
rCold   + . .      Faith    .   J - +0 tower shield
rNeg    . . .      Spirit   .   (body armour currently unavailable)
rPois   +          Reflect  .   (helmet currently unavailable)
rElec   .          Harm     .   (cloak currently unavailable)
rCorr   .          Rampage  .   (gloves currently unavailable)
Will    .....      NoTele   +   (no barding)
Stlth   +.........              l - amulet of regeneration
HPRegen 1.09/turn               m - ring of protection from cold
MPRegen 0.11/turn               (no ring)

@: tree-form, on berserk cooldown
A: stationary, stasis, torment immunity, boosted hp, large, rugged brown scales
3, see invisible, (deformed body), (roll 1), (armoured tail), (reflexive curl)
a: Renounce Religion, Berserk, Trog's Hand


You were on level 7 of the Dungeon.
You worshipped Trog.
Trog was most pleased with you.
You were a tree.
You visited 1 branch of the dungeon, and saw 7 of its levels.
You also visited: Sewer.

You collected 246 gold pieces.

Inventory:

Hand Weapons
 a - a +0 hand axe
 D - a +4 whip
 G - a +5 hand axe of freezing (weapon)
 I - the +7 whip "Pendulum" {vamp, Fly rPois SInv}
   (You found it on level 6 of the Dungeon)

   It occasionally heals its wielder for a portion of the damage dealt when it
   wounds a living foe.
   rPois:     It protects you from poison.
   SInv:      It lets you see invisible.
   Fly:       It grants you flight.
Missiles
 h - 3 silver javelins
Armour
 b - the +0 helmet of Crawling {Harm Int-4 Stlth+}
   (You found it on level 4 of the Dungeon)

   Int:       It affects your intelligence (-4).
   Harm:      It increases damage dealt and taken.
   Stlth:     It makes you more stealthy.
 g - a +0 pair of gloves (melded)
 w - the +2 leather armour "Pelyeq Ediy" (melded) {rElec rPois rF+ Regen+ Int-3}
   (You found it on level 4 of the Dungeon)

   Int:       It affects your intelligence (-3).
   rF:        It protects you from fire.
   rElec:     It insulates you from electricity.
   rPois:     It protects you from poison.
   Regen:     It increases your rate of health regeneration.
 J - a +0 tower shield (worn)
Jewellery
 l - an amulet of regeneration (around neck)
 m - a ring of protection from cold (left branch)
 A - a +4 ring of protection
 B - a ring of ice
 E - a ring of fire
Scrolls
 c - 3 scrolls of teleportation
 d - 5 scrolls of identify
 f - 2 scrolls of enchant armour
 i - 2 scrolls of enchant weapon {unknown}
 j - 2 scrolls of amnesia {unknown}
 k - a scroll of vulnerability {unknown}
 n - a scroll of immolation {unknown}
 p - 2 scrolls of noise {unknown}
 s - 2 scrolls of summoning {unknown}
 y - 3 scrolls of fear {unknown}
 H - a scroll of brand weapon {unknown}
 K - a scroll of blinking {unknown}
Potions
 e - a potion of magic {unknown}
 o - a potion of lignification
 q - a potion of resistance {unknown}
 r - 2 potions of heal wounds {unknown}
 t - 2 potions of invisibility {unknown}
 u - a potion of mutation {unknown}
 v - 4 potions of curing {unknown}
 x - 2 potions of brilliance {unknown}
 z - a potion of might {unknown}
 C - a potion of attraction {unknown}
 F - 3 potions of degeneration {unknown}


   Skills:
 * Level 7.0 Fighting
 * Level 7.0 Axes
 + Level 5.2 Armour
 + Level 5.3 Dodging
 + Level 1.2 Shields


You had 8 spell levels left.
You didn't know any spells.
Your spell library was empty.

Dungeon Overview and Level Annotations

Branches:
Dungeon (7/15)             Temple (0/1) D:5           Sewer (visited)

Altars:
Nemelex Xobeh
Uskayaw


Innate Abilities, Weirdness & Mutations

You are a tree.
Your roots penetrate the ground, keeping you stationary.
You cannot be teleported.
You are immune to unholy pain and torment.
Your maximum health is greatly increased.
Your equipment is partially melded.
(You are completely covered in rugged brown scales. (AC +3, +7% HP))
You have supernaturally acute eyesight. (SInv)
((Armour fits poorly on your strangely shaped body.))
((You can roll at nearby foes to attack.))
((You have a long armoured tail.))
((You curl defensively after being hit. (AC +7*)))


Message History

You slash the orc! You freeze the orc.
You kill the orc!
Trog accepts your kill.
You barely miss the orc warrior. You block the orc warrior's attack.
You hit the orc warrior. You freeze the orc warrior.
Your tail-slap misses the orc warrior.
The orc warrior is severely wounded.
You hit the orc priest. You freeze the orc priest.
The orc warrior hits you with a +0 halberd!
The orc priest invokes the aid of Beogh against you.
Pain shoots through your body!
The orc priest invokes the aid of Beogh against you.
Pain shoots through your body!
The orc warrior hits you with a +0 halberd.
You hit the orc warrior. You freeze the orc warrior.
You tail-slap the orc warrior.
The orc warrior is almost dead.
You barely miss the orc priest. You block the orc warrior's attack.
The orc priest hits you but does no damage.
The orc priest hits you with a +0 hand axe.
The orc warrior hits you with a +0 halberd.
You barely miss the orc warrior.
You tail-slap the orc warrior, but do no damage.
The orc warrior is almost dead.
You hit the orc priest but do no damage.
You feel yourself speed up.
The orc warrior hits you with a +0 halberd!
The orc priest invokes the aid of Beogh against you.
Pain shoots through your body!
* * * LOW HITPOINT WARNING * * *
The orc warrior hits you with a +0 halberd!
* * * LOW HITPOINT WARNING * * *
You block the orc priest's attack.
It was a potion of lignification.
You turn into a tree.
Your +0 pair of gloves melds into your body.
The +2 leather armour "Pelyeq Ediy" {rElec rPois rF+ Regen+ Int-3} melds into your body.
Your roots penetrate the ground.
The orc priest mumbles some strange prayers to Beogh against you.
Beogh smites you!
You die...

#.#...........#.# #..#
#.........#.##)####..#
#.#.<#######...).))...#
. #..# ####.#####.#
#..# #######.......#
#... ............###
#.## ##.####.<##.# #.
#.#o# # #. ##o♣# ..
#..# #...# #..## #..
... #... .... ...#.


You could see an orc warrior and an orc priest.

Vanquished Creatures
  Sigmund (D:4)
  An ice beast (D:4)
  A water moccasin (D:6)
  3 sky beasts
  2 orc warriors (D:7)
  3 kobold brigands (Sewer)
  A necrophage (D:7)
  4 scorpions
  5 wights (D:6)
  10 killer bees
  2 hounds
  A jelly (D:5)
  An orc priest (D:7)
  3 iguanas
  4 orc wizards
  7 adders
  4 river rats
  A white imp (D:6)
  5 worms
  4 dart slugs
  13 orcs
  2 bats (D:2)
  6 endoplasms
  4 giant cockroaches
  9 hobgoblins
  6 jackals
  5 quokkas
  4 ball pythons
  A frilled lizard (D:3)
  6 goblins
  9 kobolds
  4 rats
132 creatures vanquished.

Vanquished Creatures (others)
  21 fungi (D:4)
21 creatures vanquished.

Grand Total: 153 creatures vanquished

Notes
Turn   | Place    | Note
-------+----------+-------------------------------------------
     0 | D:1      | Dabor the Palentonga Berserker began the quest for the Orb.
     0 | D:1      | Reached XP level 1. HP: 19/19 MP: 1/1
   240 | D:1      | Reached XP level 2. HP: 17/25 MP: 2/2
   980 | D:2      | Reached XP level 3. HP: 24/31 MP: 3/3
  1145 | D:2      | Found a sparkling altar of Nemelex Xobeh.
  1160 | D:2      | Found a faded altar of an unknown god.
  2124 | D:3      | Noticed a +0 hand axe
  2125 | D:3      | Noticed a +0 dagger
  2126 | D:3      | Found a hide-covered altar of Uskayaw.
  2517 | D:4      | Noticed a scorpion
  2522 | D:4      | Killed a scorpion
  2523 | D:4      | Reached XP level 4. HP: 39/39 MP: 4/4
  2548 | D:4      | Reached XP level 5. HP: 36/44 MP: 5/5
  2550 | D:4      | Identified the +2 leather armour "Pelyeq Ediy" {rElec rPois
                  | rF+ Regen+ Int-3}
  2576 | D:4      | Reached ** piety under Trog
  2598 | D:4      | Identified the +0 helmet of Crawling {Harm Int-4 Stlth+}
  2696 | D:4      | Noticed Sigmund
  2698 | D:4      | Noticed an ice beast
  2707 | D:4      | Killed an ice beast
  2708 | D:4      | Reached XP level 6. HP: 52/52 MP: 6/6
  2720 | D:4      | Killed Sigmund
  2786 | D:4      | Noticed a sky beast
  2792 | D:4      | Killed a sky beast
  2793 | D:4      | Gained mutation: You curl defensively after being hit. (AC
                  | +7*) [Palentonga growth]
  2793 | D:4      | Reached XP level 7. HP: 58/58 MP: 7/7
  3055 | D:4      | You fall into a shaft and drop 1 floor!
  3055 | D:5      | Entered Level 5 of the Dungeon
  3060 | D:5      | Found a staircase to the Ecumenical Temple.
  3199 | D:5      | Found a glowing drain.
  3229 | Sewer    | Entered a sewer
  3244 | Sewer    | Reached skill level 5 in Fighting
  3244 | Sewer    | Reached skill level 5 in Axes
  3881 | D:5      | Reached XP level 8. HP: 67/67 MP: 8/8
  4345 | D:4      | Found a sparkling altar of Nemelex Xobeh.
  4375 | D:4      | Reached *** piety under Trog
  4818 | D:6      | Reached skill level 5 in Armour
  4818 | D:6      | Reached skill level 5 in Dodging
  5086 | D:6      | Identified the +7 whip "Pendulum" {vamp, Fly rPois SInv}
  5606 | D:7      | Reached XP level 9. HP: 75/75 MP: 9/9
  5643 | D:7      | Reached skill level 1 in Shields
  5686 | D:7      | HP: 3/77 [orc warrior/+0 halberd (10)]
  5687 | D:7      | Killed from afar by an orc priest

Illustrated notes

Levels and vault maps discovered:
D:1:      heliophobic_arrival_battle_scene, layout_loops_cross
D:2:      layout_basic, basic_altar, ebering_ecumenical_altar_webs
D:3:      layout_loops_ring, dancing_weapons_uskayaw
D:4:      layout_rooms, nemelex_altar_shiori, serial_aquarium,
          aquarium_bridge_straight [aquarium_subvault_bridge,
          aquarium_subvault_window, aquarium_subvault_bridge,
          aquarium_subvault_wall], aquarium_bridge_long_joined
          [aquarium_subvault_bridge, aquarium_subvault_wall,
          aquarium_subvault_bridge, aquarium_subvault_bridge,
          aquarium_subvault_balcony, aquarium_subvault_balcony],
          aquarium_window_fake, aquarium_window_corridor_2, aquarium_window_1,
          aquarium_window_fake, aquarium_view_2c, aquarium_view_2b,
          aquarium_balcony_3b, aquarium_pool_1, uniq_sigmund
D:5:      layout_loops_corners, minmay_temple_entry_tees, portal_sewer_entry_c
D:6:      layout_basic, st_stairs_14
D:7:      layout_loops_ring, uniq_pikel

Skill      XL: |  1  2  3  4  5  6  7  8  9 |
---------------+----------------------------+-----
Armour         | 2 3 4 5 |  5.2
Dodging        | 2 3 4 5 |  5.3
Fighting       | 4 5 6 7 |  7.0
Axes           | 4 5 6 7 |  7.0
Shields        | 1 |  1.2

Action                   |  1- 3 |  4- 6 |  7- 9 || total
-------------------------+-------+-------+-------++-------
Melee: Hand axe          |   119 |    55 |   200 ||   374
       Tailslap          |     7 |    10 |    32 ||    49
       Punch             |     1 |     1 |     2 ||     4
       Whip              |       |       |    87 ||    87
Invok: Berserk           |     1 |     3 |     5 ||     9
       Trog's Hand       |       |       |     1 ||     1
 Abil: Rolling Charge    |     3 |     1 |       ||     4
  Use: Scroll            |       |       |     2 ||     2
       Potion            |       |       |     1 ||     1
Armor: Animal skin       |     5 |       |       ||     5
       Ring mail         |    48 |     2 |       ||    50
       Leather armour    |       |    31 |   107 ||   138
Dodge: Dodged            |    50 |    32 |   150 ||   232
Block: Tower shield      |       |       |    30 ||    30

Table legend: (Time is in decaauts)
 A = Elapsed time spent in this place.
 B = Non-inter-level travel time spent in this place.
 C = Inter-level travel time spent in this place.
 D = Time resting spent in this place.
 E = Time spent auto-exploring this place.
 F = Levels seen in this place.
 G = Mean time per level.
                   A        B        C        D        E       F      G
               +--------+--------+--------+--------+--------+-----+--------+
         Total |   5877 |   5600 |    277 |    149 |   4090 |   8 |  734.6 |
       Dungeon |   5441 |   5164 |    277 |    149 |   4003 |   7 |  777.3 |
         Sewer |    436 |    436 |      0 |      0 |     86 |   1 |  436.0 |
               +--------+--------+--------+--------+--------+-----+--------+

Top non-repeatable levels by time:
     D:6: 1087 daAuts
     D:2: 974 daAuts
     D:1: 900 daAuts
     D:5: 897 daAuts
     D:4: 806 daAuts
     D:3: 659 daAuts
   Sewer: 436 daAuts
     D:7: 116 daAuts
